SAN JOSE vs ANAHEIM

Created - Monday, February 26, 2018 at 17:55

Goals
1 2 3 T
SAN JOSE 1 1 1 3
ANAHEIM 2 1 1 4
Shots
1 2 3 T
SAN JOSE 12 7 5 24
ANAHEIM 11 11 11 33

1st period

1. SAN JOSE , Chris Kreider 11 (Cody Ceci 25) at 10:59
2. ANAHEIM , Erik Gudbranson 3 (Sam Reinhart 14) at 14:05
3. ANAHEIM , Alexandre Burrows 5 (Kris Russell 15) at 17:51

Penalties :
Brandon Dubinsky (SJ ) for Hooking (Minor) at 2:44, Mike Fisher (SJ ) for Slashing (Minor) at 7:10, Mike Fisher (SJ ) for Hooking (Minor) at 11:37

2nd period

4. SAN JOSE , David Savard 8 (Keith Yandle 39, Chris Kreider 16) at 0:19 (PP)
5. ANAHEIM , Gustav Nyquist 7 (Evgeny Kuznetsov 36, Thomas Vanek 24) at 15:50 (PP)

Penalties :
Connor McDavid (ANA) for Roughing (Minor) at 0:07, Cody Ceci (SJ ) for Hooking (Minor) at 6:29, Kyle Quincey (SJ ) for High sticking (Minor) at 9:30, Devante Smith-Pelly (SJ ) for Tripping (Minor) at 15:42, David Savard (SJ ) for Interference (Minor) at 17:21

3rd period

6. SAN JOSE , Martin Hanzal 21 (Alexei Emelin 13) at 3:53
7. ANAHEIM , Conor Sheary 18 (Ben Lovejoy 19, Connor McDavid 37) at 17:49 (PP)

Penalties :
Martin Hanzal (SJ ) for Hooking (Minor) at 0:48, Kyle Quincey (SJ ) for High sticking (Minor) at 6:02, Alexei Emelin (SJ ) for Hooking (Minor) at 6:47, David Perron (ANA) for Kneeing (Minor) at 9:28, Martin Hanzal (SJ ) for Unsportsmanlike conduct (Minor) at 12:08, David Savard (SJ ) for Holding (Minor) at 17:29

Goalie Stats

Jake Allen (SJ ), 29 saves from 33 shots - (0.879), L, 26-19-8, 59:05 minutes
Peter Budaj (ANA), 21 saves from 24 shots - (0.875), W, 3-0-0, 60:00 minutes

Players Stats for SAN JOSE

Player Name              G  A  P  +/- PIM S  H  SB GA TA FO     MP     PP MP  PK MP  
------------------------------------------------------------------------------------
Alexei Emelin            0  1  1   2  2   0  4  2  0  0  0/0    22:14   1:11   8:16 
Brandon Dubinsky         0  0  0  -1  2   1  1  0  0  0  3/5     7:28   0:00   0:56 
Chris Kreider            1  1  2   0  0   4  2  0  0  0  1/2    12:35   1:23   0:00 
Cody Ceci                0  1  1   2  2   2  0  2  0  0  0/0    22:35   1:11   8:38 
Cody Franson             0  0  0  -1  0   0  1  1  0  0  0/0    10:30   0:00   0:08 
Corey Perry              0  0  0   0  0   2  1  2  0  0  2/5    24:08   1:23  11:33 
Darren Helm              0  0  0   1  0   2  0  0  0  0  2/2    12:04   0:48   0:00 
David Savard             1  0  1  -1  4   1  1  0  0  0  0/0    24:42   1:00   8:08 
Devante Smith-Pelly      0  0  0  -1  2   0  0  0  0  0  0/1     5:32   0:00   0:00 
Jesper Fast              0  0  0   0  0   1  2  0  0  0  4/8    14:30   0:00   3:46 
Jordan Staal             0  0  0   0  0   1  1  0  0  0  10/12  16:25   0:00   6:41 
Jussi Jokinen            0  0  0   0  0   1  0  0  0  0  0/0    10:44   0:00   0:00 
Keith Yandle             0  1  1  -1  0   1  0  2  0  0  0/0    26:59   1:00  10:23 
Kevin Hayes              0  0  0   1  0   3  0  0  0  0  1/1    12:04   0:48   0:00 
Kyle Quincey             0  0  0  -1  4   0  2  3  0  0  0/0    12:54   0:00   2:34 
Lauri Korpikoski         0  0  0  -1  0   0  0  0  0  0  0/1     5:33   0:00   0:00 
Martin Hanzal            1  0  1   1  4   3  3  1  0  0  15/22  16:42   0:48   4:40 
Mike Fisher              0  0  0   0  4   2  1  0  0  0  20/38  21:51   1:23   9:18 

Players Stats for ANAHEIM

Player Name              G  A  P  +/- PIM S  H  SB GA TA FO     MP     PP MP  PK MP  
------------------------------------------------------------------------------------
Alexandre Burrows        1  0  1   2  0   2  1  0  0  0  0/1    11:23   0:00   0:00 
Andrew Shaw              0  0  0   0  0   1  3  0  0  0  3/8     4:20   0:00   0:00 
Anton Stralman           0  0  0  -2  0   1  1  2  0  0  0/0    25:39   9:36   1:04 
Ben Lovejoy              0  1  1   0  0   4  0  3  0  0  0/0    22:20   9:28   1:07 
Benoit Pouliot           0  0  0   0  0   0  0  0  0  0  1/2     5:00   0:20   0:20 
Connor McDavid           0  1  1  -2  2   2  3  0  0  0  16/28  23:26   9:45   1:22 
Conor Sheary             1  0  1  -2  0   3  0  1  0  0  0/2    23:16   9:33   1:23 
David Perron             0  0  0   0  2   0  5  0  0  0  0/2    10:39   0:00   0:12 
Erik Gudbranson          1  0  1   2  0   1  1  0  0  0  0/0    11:47   0:00   0:00 
Evgeny Kuznetsov         0  1  1   0  0   1  1  1  0  0  12/35  20:24   9:19   0:37 
Gustav Nyquist           1  0  1   0  0   2  2  0  0  0  0/0    13:39   9:19   0:00 
Karl Alzner              0  0  0  -2  0   3  1  1  0  0  0/0    25:39   9:36   1:04 
Kris Russell             0  1  1   2  0   0  0  1  0  0  0/0    12:01   0:00   0:00 
Lee Stempniak            0  0  0   2  0   1  1  0  0  0  0/1    11:37   0:00   0:00 
Mark Fayne               0  0  0   0  0   0  0  0  0  0  0/0     0:00   0:00   0:00 
Michael Frolik           0  0  0   0  0   3  2  0  0  0  2/3    20:35   9:25   0:28 
Mike Green               0  0  0   0  0   6  1  1  0  0  0/0    22:34   9:28   1:07 
Nail Yakupov             0  0  0   0  0   0  0  0  0  0  0/0     0:00   0:00   0:00 
Sam Reinhart             0  1  1   2  0   2  0  0  0  0  5/15   12:35   0:58   0:00 
Thomas Vanek             0  1  1  -2  0   1  3  0  0  0  0/0    20:53   8:33   0:00 

3 Stars

1 - Erik Gudbranson (ANA)
2 - Alexandre Burrows (ANA)
3 - Chris Kreider (SJ )

Power Play

SAN JOSE - 1 on 2 Attempt(s) - 50.00%
ANAHEIM - 2 on 12 Attempt(s) - 16.67%

Penalty Kill

SAN JOSE - 10 on 12 Attempt(s) - 83.33% - Score 0 goal in Penalty Kill
ANAHEIM - 1 on 2 Attempt(s) - 50.00% - Score 0 goal in Penalty Kill

Team Stat

SAN JOSE - Hits : 19 - Faceoff Wins : 58 - Blocked Shots : 13 - Penalty Minutes : 24
ANAHEIM - Hits : 25 - Faceoff Wins : 39 - Blocked Shots : 10 - Penalty Minutes : 4

Official

Referees : Unknown
Linesman : Unknown

Game Notes

No Game Note

Finance

Level 1 -- Attendance: 5980 (99.67%) -- Ticket Income $532,220
Level 2 -- Attendance: 4903 (98.06%) -- Ticket Income $264,762
Level 3 -- Attendance: 1793 (89.65%) -- Ticket Income $50,204
Level 4 -- Attendance: 3019 (75.48%) -- Ticket Income $63,399
Luxury Box -- Attendance: 802 (80.20%) -- Ticket Income $149,172
Game was played at the Honda Center.
Total Attendance: 16497 (91.65%)
Total Ticket Income: $1,059,757
Total Income: $1,059,757

SAN JOSE

5 vs 5 Forward 
   Center                   Left Wing                Right Wing               Time % Phy DF OF 
 1 Mike Fisher              Chris Kreider            Corey Perry              35     1   2  2  
 2 Martin Hanzal            Kevin Hayes              Darren Helm              30     1   2  2  
 3 Jordan Staal             Jussi Jokinen            Jesper Fast              25     1   2  2  
 4 Brandon Dubinsky         Lauri Korpikoski         Devante Smith-Pelly      10     1   2  2  

5 vs 5 Defense 
   Defense                  Defense                                           Time % Phy DF OF 
 1 David Savard             Keith Yandle                                      35     1   2  2  
 2 Cody Ceci                Alexei Emelin                                     30     1   2  2  
 3 Cody Franson             Kyle Quincey                                      25     1   2  2  
 4 David Savard             Keith Yandle                                      10     1   2  2  

PowerPlay Forward 
   Center                   Left Wing                Right Wing               Time % Phy DF OF 
 1 Mike Fisher              Chris Kreider            Corey Perry              60     1   2  2  
 2 Martin Hanzal            Kevin Hayes              Darren Helm              40     1   2  2  

PowerPlay Defense
   Defense                  Defense                                           Time % Phy DF OF 
 1 David Savard             Keith Yandle                                      60     1   2  2  
 2 Cody Ceci                Alexei Emelin                                     40     1   2  2  

Penalty Kill 4 Players Forward 
   Center                   Wing                     Time % Phy DF OF 
 1 Mike Fisher              Corey Perry              60     1   2  2  
 2 Martin Hanzal            Jordan Staal             40     1   2  2  

Penalty Kill 4 Players Defense
   Defense                  Defense                  Time % Phy DF OF 
 1 David Savard             Keith Yandle             60     1   2  2  
 2 Cody Ceci                Alexei Emelin            40     1   2  2  

Penalty Kill - 3 Players Forward 
   Forward                                           Time % Phy DF OF 
 1 Mike Fisher                                       60     1   2  2  
 2 Corey Perry                                       40     1   2  2  

Penalty Kill - 3 Players Defense
   Defense                  Defense                  Time % Phy DF OF 
 1 David Savard             Keith Yandle             60     1   2  2  
 2 Cody Ceci                Alexei Emelin            40     1   2  2  

4 vs 4 Forward 
   Center                   Wing                     Time % Phy DF OF 
 1 Mike Fisher              Corey Perry              60     1   2  2  
 2 Martin Hanzal            Jordan Staal             40     1   2  2  

4 vs 4 Defense
   Defense                  Defense                  Time % Phy DF OF 
 1 David Savard             Keith Yandle             60     1   2  2  
 2 Cody Ceci                Alexei Emelin            40     1   2  2  

Last Minutes Offensive
   Center                   Left Wing                Right Wing               Defense                  Defense                  
   Mike Fisher              Chris Kreider            Corey Perry              David Savard             Keith Yandle             

Last Minutes Defensive
   Center                   Left Wing                Right Wing               Defense                  Defense                  
   Mike Fisher              Chris Kreider            Corey Perry              David Savard             Keith Yandle             

Goaltenders
Starting : Jake Allen               
Backup : Jeff Zatkoff             

Extra Forwards
Normal : Brandon Dubinsky, Jussi Jokinen, Jesper Fast - PP : Brandon Dubinsky, Jussi Jokinen - PK : Jesper Fast
Extra Defensemen
Normal : Cody Franson, Kyle Quincey, Cody Ceci - PP : Cody Franson - PK : Kyle Quincey, Cody Ceci
Penalty Shots
Mike Fisher, Corey Perry, Martin Hanzal, Jordan Staal, Brandon Dubinsky

Scratches
SJ CAP HIT (Suspend), Ryan Button (Healthy)

ANAHEIM

5 vs 5 Forward 
   Center                   Left Wing                Right Wing               Time % Phy DF OF 
 1 Connor McDavid           Thomas Vanek             Conor Sheary             35     0   2  3  
 2 Evgeny Kuznetsov         Michael Frolik           David Perron             30     0   2  3  
 3 Sam Reinhart             Alexandre Burrows        Lee Stempniak            25     1   2  2  
 4 Andrew Shaw              Benoit Pouliot           Gustav Nyquist           10     2   2  1  

5 vs 5 Defense 
   Defense                  Defense                                           Time % Phy DF OF 
 1 Anton Stralman           Karl Alzner                                       35     1   2  2  
 2 Mike Green               Ben Lovejoy                                       30     1   2  2  
 3 Kris Russell             Erik Gudbranson                                   25     1   2  2  
 4 Anton Stralman           Karl Alzner                                       10     1   2  2  

PowerPlay Forward 
   Center                   Left Wing                Right Wing               Time % Phy DF OF 
 1 Connor McDavid           Michael Frolik           Conor Sheary             60     1   2  2  
 2 Evgeny Kuznetsov         Thomas Vanek             Gustav Nyquist           40     1   2  2  

PowerPlay Defense
   Defense                  Defense                                           Time % Phy DF OF 
 1 Anton Stralman           Karl Alzner                                       60     1   2  2  
 2 Mike Green               Ben Lovejoy                                       40     1   2  2  

Penalty Kill 4 Players Forward 
   Center                   Wing                     Time % Phy DF OF 
 1 Connor McDavid           Conor Sheary             60     1   2  2  
 2 Evgeny Kuznetsov         Michael Frolik           40     1   2  2  

Penalty Kill 4 Players Defense
   Defense                  Defense                  Time % Phy DF OF 
 1 Anton Stralman           Karl Alzner              60     1   2  2  
 2 Mike Green               Ben Lovejoy              40     1   2  2  

Penalty Kill - 3 Players Forward 
   Forward                                           Time % Phy DF OF 
 1 Connor McDavid                                    60     1   2  2  
 2 Evgeny Kuznetsov                                  40     1   2  2  

Penalty Kill - 3 Players Defense
   Defense                  Defense                  Time % Phy DF OF 
 1 Anton Stralman           Karl Alzner              60     1   2  2  
 2 Mike Green               Ben Lovejoy              40     1   2  2  

4 vs 4 Forward 
   Center                   Wing                     Time % Phy DF OF 
 1 Connor McDavid           Evgeny Kuznetsov         60     1   2  2  
 2 Lee Stempniak            Michael Frolik           40     1   2  2  

4 vs 4 Defense
   Defense                  Defense                  Time % Phy DF OF 
 1 Anton Stralman           Karl Alzner              60     1   2  2  
 2 Mike Green               Ben Lovejoy              40     1   2  2  

Last Minutes Offensive
   Center                   Left Wing                Right Wing               Defense                  Defense                  
   Connor McDavid           Michael Frolik           Conor Sheary             Anton Stralman           Karl Alzner              

Last Minutes Defensive
   Center                   Left Wing                Right Wing               Defense                  Defense                  
   Connor McDavid           Michael Frolik           Lee Stempniak            Anton Stralman           Karl Alzner              

Goaltenders
Starting : Peter Budaj              
Backup : Cam Talbot               

Extra Forwards
Normal : Connor McDavid, Sam Reinhart, David Perron - PP : Connor McDavid, Sam Reinhart - PK : David Perron
Extra Defensemen
Normal : Kris Russell, Karl Alzner, Mike Green - PP : Kris Russell - PK : Anton Stralman, Mike Green
Penalty Shots
Connor McDavid, Conor Sheary, Evgeny Kuznetsov, Thomas Vanek, Sam Reinhart

Scratches
ANA CAP HIT (Suspend), Jacob Josefson (Healthy)

% Time on Ice - SAN JOSE

Lines # - Real PCT - Wanted PCT - Time Play
Normal Forward
1 - 30% - 35% - 11:12
2 - 30% - 30% - 11:16
3 - 26% - 25% - 9:44
4 - 15% - 10% - 5:33
Normal Defense
1 - 37% - 35% - 14:04
2 - 34% - 30% - 12:47
3 - 27% - 25% - 10:22
4 - 1% - 10% - 0:32
PP Forward
1 - 63% - 60% - 1:23
2 - 37% - 40% - 0:48
PP Defense
1 - 46% - 60% - 1:00
2 - 54% - 40% - 1:11
PK Forward
1 - 63% - 60% - 11:09
2 - 37% - 40% - 6:41
PK Defense
1 - 51% - 60% - 9:05
2 - 49% - 40% - 8:45
PK3 Forward
1 - 68% - 60% - 0:50
2 - 32% - 40% - 0:24
PK3 Defense
1 - 16% - 60% - 0:12
2 - 84% - 40% - 1:02
44 Forward
1 - 0% - 60%
2 - 0% - 40%
44 Defense
1 - 0% - 60%
2 - 0% - 40%
Last Minute Offensive  - 1:00
Last Minute Defensive  - 0:00
Total
Forward - 60:00
Defense - 60:00

% Time on Ice - ANAHEIM

Lines # - Real PCT - Wanted PCT - Time Play
Normal Forward
1 - 32% - 35% - 12:20
2 - 27% - 30% - 10:28
3 - 30% - 25% - 11:23
4 - 11% - 10% - 4:20
Normal Defense
1 - 37% - 35% - 14:15
2 - 31% - 30% - 11:45
3 - 31% - 25% - 11:47
4 - 2% - 10% - 0:44
PP Forward
1 - 51% - 60% - 9:45
2 - 49% - 40% - 9:19
PP Defense
1 - 50% - 60% - 9:36
2 - 50% - 40% - 9:28
PK Forward
1 - 79% - 60% - 1:43
2 - 21% - 40% - 0:28
PK Defense
1 - 49% - 60% - 1:04
2 - 51% - 40% - 1:07
PK3 Forward
1 - 0% - 60%
2 - 0% - 40%
PK3 Defense
1 - 0% - 60%
2 - 0% - 40%
44 Forward
1 - 0% - 60%
2 - 0% - 40%
44 Defense
1 - 0% - 60%
2 - 0% - 40%
Last Minute Offensive  - 0:00
Last Minute Defensive  - 0:14
Total
Forward - 60:00
Defense - 60:00

Play by Play

1st period


0:01 of 1st period - Connor McDavid wins face-off versus Mike Fisher in neutral zone.
0:39 of 1st period - Chris Kreider is hit by Connor McDavid and loses puck.
1:29 of 1st period - Shot by Evgeny Kuznetsov.
1:29 of 1st period - Stopped by Jake Allen without a rebound.
1:30 of 1st period - Jordan Staal wins face-off versus Sam Reinhart in SAN JOSE zone.
1:40 of 1st period - Icing by Erik Gudbranson.
1:41 of 1st period - Sam Reinhart wins face-off versus Brandon Dubinsky in ANAHEIM zone.
1:41 of 1st period - Sam Reinhart is hit by Brandon Dubinsky.
1:49 of 1st period - Shot by Lee Stempniak.
1:49 of 1st period - Stopped by Jake Allen without a rebound.
1:50 of 1st period - Andrew Shaw wins face-off versus Jesper Fast in SAN JOSE zone.
2:10 of 1st period - Jordan Staal is hit by Karl Alzner and loses puck.
2:13 of 1st period - Shot by Cody Ceci.
2:13 of 1st period - Shot Misses the Net.
2:15 of 1st period - Shot by Alexei Emelin.
2:15 of 1st period - Shot Blocked by Anton Stralman.
2:33 of 1st period - Shot by Jussi Jokinen.
2:33 of 1st period - Stopped by Peter Budaj without a rebound.
2:34 of 1st period - Martin Hanzal wins face-off versus Sam Reinhart in ANAHEIM zone.
2:43 of 1st period - Shot by Kevin Hayes.
2:43 of 1st period - Stopped by Peter Budaj without a rebound.
2:44 of 1st period - Evgeny Kuznetsov wins face-off versus Devante Smith-Pelly in ANAHEIM zone.
2:44 of 1st period - Minor Penalty to Brandon Dubinsky for Hooking.
2:45 of 1st period - Mike Fisher wins face-off versus Connor McDavid in SAN JOSE zone.
2:45 of 1st period - Mike Fisher is hit by Connor McDavid.
3:09 of 1st period - Shot by Connor McDavid.
3:09 of 1st period - Shot Hit the Post.
4:13 of 1st period - Shot by Evgeny Kuznetsov.
4:13 of 1st period - Shot Misses the Net.
4:15 of 1st period - Shot by Karl Alzner.
4:15 of 1st period - Stopped by Jake Allen with a rebound.
4:17 of 1st period - Shot by Thomas Vanek.
4:17 of 1st period - Stopped by Jake Allen with a rebound.
5:52 of 1st period - Icing by Mike Green.
5:53 of 1st period - Jordan Staal wins face-off versus Andrew Shaw in ANAHEIM zone.
5:53 of 1st period - Jussi Jokinen is hit by Mike Green and loses puck.
5:58 of 1st period - Shot by Jordan Staal.
5:58 of 1st period - Shot Blocked by Mike Green.
6:00 of 1st period - Shot by Cody Ceci.
6:00 of 1st period - Shot Misses the Net.
6:02 of 1st period - Shot by Cody Ceci.
6:02 of 1st period - Stopped by Peter Budaj without a rebound.
6:03 of 1st period - Connor McDavid wins face-off versus Mike Fisher in ANAHEIM zone.
6:16 of 1st period - Shot by Cody Ceci.
6:16 of 1st period - Stopped by Peter Budaj without a rebound.
6:17 of 1st period - Martin Hanzal wins face-off versus Evgeny Kuznetsov in ANAHEIM zone.
6:42 of 1st period - Shot by Darren Helm.
6:42 of 1st period - Shot Misses the Net.
6:44 of 1st period - Shot by Darren Helm.
6:44 of 1st period - Stopped by Peter Budaj without a rebound.
6:45 of 1st period - Mike Fisher wins face-off versus Connor McDavid in ANAHEIM zone.
6:48 of 1st period - Shot by Mike Fisher.
6:48 of 1st period - Stopped by Peter Budaj without a rebound.
6:49 of 1st period - Connor McDavid wins face-off versus Mike Fisher in ANAHEIM zone.
7:10 of 1st period - Minor Penalty to Mike Fisher for Slashing.
7:11 of 1st period - Jesper Fast wins face-off versus Evgeny Kuznetsov in SAN JOSE zone.
7:19 of 1st period - Shot by Mike Green.
7:19 of 1st period - Stopped by Jake Allen without a rebound.
7:20 of 1st period - Connor McDavid wins face-off versus Corey Perry in SAN JOSE zone.
8:18 of 1st period - Icing by Mike Green.
8:19 of 1st period - Martin Hanzal wins face-off versus Evgeny Kuznetsov in ANAHEIM zone.
8:30 of 1st period - Gustav Nyquist is hit by Martin Hanzal and loses puck.
8:42 of 1st period - Ben Lovejoy is hit by Alexei Emelin and loses puck.
8:49 of 1st period - Shot by Evgeny Kuznetsov.
8:49 of 1st period - Shot Blocked by Alexei Emelin.
8:51 of 1st period - Shot by Mike Green.
8:51 of 1st period - Stopped by Jake Allen without a rebound.
8:52 of 1st period - Jesper Fast wins face-off versus Connor McDavid in SAN JOSE zone.
9:33 of 1st period - Shot by Brandon Dubinsky.
9:33 of 1st period - Shot Misses the Net.
9:43 of 1st period - Icing by Kyle Quincey.
9:44 of 1st period - Evgeny Kuznetsov wins face-off versus Brandon Dubinsky in SAN JOSE zone.
9:51 of 1st period - Shot by Evgeny Kuznetsov.
9:51 of 1st period - Shot Misses the Net.
10:08 of 1st period - Icing by Evgeny Kuznetsov.
10:09 of 1st period - Martin Hanzal wins face-off versus Evgeny Kuznetsov in ANAHEIM zone.
10:27 of 1st period - Icing by Mike Green.
10:28 of 1st period - Evgeny Kuznetsov wins face-off versus Mike Fisher in ANAHEIM zone.
10:59 of 1st period - Shot by Chris Kreider.
10:59 of 1st period - Goal by Chris Kreider - SAN JOSE : 1 - ANAHEIM : 0.
11:00 of 1st period - Connor McDavid wins face-off versus Jordan Staal in neutral zone.
11:03 of 1st period - Jussi Jokinen is hit by Thomas Vanek and loses puck.
11:20 of 1st period - Shot by Keith Yandle.
11:20 of 1st period - Shot Blocked by Karl Alzner.
11:22 of 1st period - Shot by Jesper Fast.
11:22 of 1st period - Stopped by Peter Budaj without a rebound.
11:23 of 1st period - Martin Hanzal wins face-off versus Lee Stempniak in ANAHEIM zone.
11:30 of 1st period - Shot by Kevin Hayes.
11:30 of 1st period - Shot Misses the Net.
11:32 of 1st period - Shot by Martin Hanzal.
11:32 of 1st period - Shot Misses the Net.
11:34 of 1st period - Shot by Martin Hanzal.
11:34 of 1st period - Shot Misses the Net.
11:36 of 1st period - Shot by Martin Hanzal.
11:36 of 1st period - Stopped by Peter Budaj without a rebound.
11:37 of 1st period - Connor McDavid wins face-off versus Corey Perry in ANAHEIM zone.
11:37 of 1st period - Minor Penalty to Mike Fisher for Hooking.
11:38 of 1st period - Connor McDavid wins face-off versus Jesper Fast in SAN JOSE zone.
11:57 of 1st period - Shot by Michael Frolik.
11:57 of 1st period - Shot Blocked by Keith Yandle.
11:59 of 1st period - Shot by Karl Alzner.
11:59 of 1st period - Stopped by Jake Allen with a rebound.
12:21 of 1st period - Shot by Michael Frolik.
12:21 of 1st period - Stopped by Jake Allen without a rebound.
12:22 of 1st period - Brandon Dubinsky wins face-off versus Evgeny Kuznetsov in SAN JOSE zone.
12:32 of 1st period - Icing by Evgeny Kuznetsov.
12:33 of 1st period - Jesper Fast wins face-off versus Evgeny Kuznetsov in ANAHEIM zone.
12:54 of 1st period - Shot by Thomas Vanek.
12:54 of 1st period - Deflect By Evgeny Kuznetsov.
12:54 of 1st period - Shot Misses the Net.
13:33 of 1st period - Cody Ceci is hit by Michael Frolik and loses puck.
14:03 of 1st period - Shot by Sam Reinhart.
14:03 of 1st period - Shot Misses the Net.
14:05 of 1st period - Shot by Erik Gudbranson.
14:05 of 1st period - Goal by Erik Gudbranson - SAN JOSE : 1 - ANAHEIM : 1.
14:06 of 1st period - Martin Hanzal wins face-off versus Evgeny Kuznetsov in neutral zone.
14:25 of 1st period - Shot by Darren Helm.
14:25 of 1st period - Shot Blocked by Evgeny Kuznetsov.
14:27 of 1st period - Shot by Kevin Hayes.
14:27 of 1st period - Stopped by Peter Budaj without a rebound.
14:28 of 1st period - Connor McDavid wins face-off versus Mike Fisher in ANAHEIM zone.
14:28 of 1st period - Conor Sheary is hit by Corey Perry and loses puck.
14:39 of 1st period - Shot by Mike Fisher.
14:39 of 1st period - Shot Misses the Net.
14:41 of 1st period - Shot by Mike Fisher.
14:41 of 1st period - Shot Blocked by Ben Lovejoy.
14:47 of 1st period - Shot by Corey Perry.
14:47 of 1st period - Stopped by Peter Budaj with a rebound.
15:40 of 1st period - Shot by Jesper Fast.
15:40 of 1st period - Shot Blocked by Ben Lovejoy.
15:42 of 1st period - Shot by Keith Yandle.
15:42 of 1st period - Shot Misses the Net.
16:23 of 1st period - Icing by Kyle Quincey.
16:24 of 1st period - Martin Hanzal wins face-off versus Evgeny Kuznetsov in SAN JOSE zone.
16:24 of 1st period - Martin Hanzal is hit by David Perron.
16:27 of 1st period - Kevin Hayes is hit by Evgeny Kuznetsov and loses puck.
16:47 of 1st period - Darren Helm is hit by David Perron and loses puck.
17:26 of 1st period - Icing by Cody Franson.
17:27 of 1st period - Martin Hanzal wins face-off versus Andrew Shaw in SAN JOSE zone.
17:33 of 1st period - Off-side.
17:34 of 1st period - Mike Fisher wins face-off versus Alexandre Burrows in neutral zone.
17:49 of 1st period - Shot by Alexandre Burrows.
17:49 of 1st period - Stopped by Jake Allen with a rebound.
17:51 of 1st period - Shot by Alexandre Burrows.
17:51 of 1st period - Goal by Alexandre Burrows - SAN JOSE : 1 - ANAHEIM : 2.
17:52 of 1st period - Benoit Pouliot wins face-off versus Jesper Fast in neutral zone.
18:25 of 1st period - Shot by Jesper Fast.
18:25 of 1st period - Shot Blocked by Anton Stralman.
19:08 of 1st period - Shot by Chris Kreider.
19:08 of 1st period - Stopped by Peter Budaj without a rebound.
19:09 of 1st period - Connor McDavid wins face-off versus Martin Hanzal in ANAHEIM zone.
19:35 of 1st period - Shot by Connor McDavid.
19:35 of 1st period - Shot Blocked by Cody Franson.
19:45 of 1st period - Shot by Thomas Vanek.
19:45 of 1st period - Shot Misses the Net.
Goals for this period are 1 for SAN JOSE vs 2 for ANAHEIM.
Shots for this period are 12 for SAN JOSE vs 11 for ANAHEIM.

2nd period


0:01 of 2nd period - Connor McDavid wins face-off versus Mike Fisher in neutral zone.
0:07 of 2nd period - Minor Penalty to Connor McDavid for Roughing.
0:08 of 2nd period - Mike Fisher wins face-off versus David Perron in ANAHEIM zone.
0:19 of 2nd period - Shot by David Savard.
0:19 of 2nd period - Goal by David Savard - SAN JOSE : 2 - ANAHEIM : 2.
0:20 of 2nd period - Jordan Staal wins face-off versus Sam Reinhart in neutral zone.
2:32 of 2nd period - Anton Stralman is hit by Martin Hanzal and loses puck.
2:52 of 2nd period - Evgeny Kuznetsov is hit by Cody Franson and loses puck.
3:05 of 2nd period - Shot by Michael Frolik.
3:05 of 2nd period - Shot Blocked by Martin Hanzal.
3:07 of 2nd period - Shot by Michael Frolik.
3:07 of 2nd period - Shot Blocked by Kyle Quincey.
4:37 of 2nd period - Off-side.
4:38 of 2nd period - Jordan Staal wins face-off versus Andrew Shaw in neutral zone.
4:38 of 2nd period - Keith Yandle is hit by Andrew Shaw and loses puck.
4:52 of 2nd period - Icing by Kris Russell.
4:53 of 2nd period - Andrew Shaw wins face-off versus Mike Fisher in ANAHEIM zone.
4:58 of 2nd period - Cody Ceci is hit by Andrew Shaw and loses puck.
5:07 of 2nd period - Shot by Gustav Nyquist.
5:07 of 2nd period - Deflect By Andrew Shaw.
5:07 of 2nd period - Stopped by Jake Allen without a rebound.
5:08 of 2nd period - Jordan Staal wins face-off versus Evgeny Kuznetsov in SAN JOSE zone.
5:08 of 2nd period - Jordan Staal is hit by David Perron.
5:13 of 2nd period - Off-side.
5:14 of 2nd period - Evgeny Kuznetsov wins face-off versus Mike Fisher in neutral zone.
5:20 of 2nd period - Off-side.
5:21 of 2nd period - Mike Fisher wins face-off versus David Perron in neutral zone.
5:21 of 2nd period - Chris Kreider is hit by David Perron and loses puck.
5:56 of 2nd period - Shot by Corey Perry.
5:56 of 2nd period - Stopped by Peter Budaj without a rebound.
5:57 of 2nd period - Connor McDavid wins face-off versus Martin Hanzal in ANAHEIM zone.
6:09 of 2nd period - Icing by Martin Hanzal.
6:10 of 2nd period - Darren Helm wins face-off versus Sam Reinhart in SAN JOSE zone.
6:10 of 2nd period - Darren Helm is hit by Lee Stempniak.
6:26 of 2nd period - Shot by Ben Lovejoy.
6:26 of 2nd period - Shot Misses the Net.
6:28 of 2nd period - Shot by Ben Lovejoy.
6:28 of 2nd period - Stopped by Jake Allen with a rebound.
6:29 of 2nd period - Minor Penalty to Cody Ceci for Hooking.
6:30 of 2nd period - Connor McDavid wins face-off versus Mike Fisher in SAN JOSE zone.
6:37 of 2nd period - Shot by Connor McDavid.
6:37 of 2nd period - Stopped by Jake Allen without a rebound.
6:38 of 2nd period - Mike Fisher wins face-off versus Connor McDavid in SAN JOSE zone.
6:51 of 2nd period - Shot by Conor Sheary.
6:51 of 2nd period - Shot Misses the Net.
7:51 of 2nd period - Shot by Mike Green.
7:51 of 2nd period - Shot Misses the Net.
7:53 of 2nd period - Shot by Evgeny Kuznetsov.
7:53 of 2nd period - Shot Misses the Net.
7:55 of 2nd period - Shot by Thomas Vanek.
7:55 of 2nd period - Shot Blocked by Corey Perry.
7:57 of 2nd period - Shot by Ben Lovejoy.
7:57 of 2nd period - Stopped by Jake Allen without a rebound.
7:58 of 2nd period - Mike Fisher wins face-off versus Evgeny Kuznetsov in SAN JOSE zone.
8:21 of 2nd period - Shot by Mike Green.
8:21 of 2nd period - Shot Misses the Net.
8:53 of 2nd period - Icing by Erik Gudbranson.
8:54 of 2nd period - Sam Reinhart wins face-off versus Chris Kreider in ANAHEIM zone.
8:59 of 2nd period - Shot by Chris Kreider.
8:59 of 2nd period - Stopped by Peter Budaj without a rebound.
9:00 of 2nd period - Corey Perry wins face-off versus Evgeny Kuznetsov in ANAHEIM zone.
9:10 of 2nd period - Off-side.
9:11 of 2nd period - Jordan Staal wins face-off versus Sam Reinhart in neutral zone.
9:29 of 2nd period - Sam Reinhart is hit by Kyle Quincey and loses puck.
9:30 of 2nd period - Minor Penalty to Kyle Quincey for High sticking.
9:31 of 2nd period - Corey Perry wins face-off versus Connor McDavid in SAN JOSE zone.
9:50 of 2nd period - Shot by Conor Sheary.
9:50 of 2nd period - Stopped by Jake Allen without a rebound.
9:51 of 2nd period - Mike Fisher wins face-off versus Evgeny Kuznetsov in SAN JOSE zone.
10:04 of 2nd period - Alexei Emelin is hit by Gustav Nyquist and loses puck.
10:27 of 2nd period - Shot by Thomas Vanek.
10:27 of 2nd period - Shot Blocked by Cody Ceci.
10:52 of 2nd period - Shot by Connor McDavid.
10:52 of 2nd period - Shot Misses the Net.
10:54 of 2nd period - Shot by Ben Lovejoy.
10:54 of 2nd period - Stopped by Jake Allen without a rebound.
10:55 of 2nd period - Martin Hanzal wins face-off versus Connor McDavid in SAN JOSE zone.
11:08 of 2nd period - Shot by Michael Frolik.
11:08 of 2nd period - Shot Misses the Net.
11:10 of 2nd period - Shot by Conor Sheary.
11:10 of 2nd period - Stopped by Jake Allen without a rebound.
11:11 of 2nd period - Mike Fisher wins face-off versus Michael Frolik in SAN JOSE zone.
11:27 of 2nd period - Shot by Conor Sheary.
11:27 of 2nd period - Shot Hit the Post.
11:29 of 2nd period - Shot by Ben Lovejoy.
11:29 of 2nd period - Shot Misses the Net.
11:39 of 2nd period - Shot by Kevin Hayes.
11:39 of 2nd period - Shot Misses the Net.
12:11 of 2nd period - Shot by Kevin Hayes.
12:11 of 2nd period - Shot Misses the Net.
12:19 of 2nd period - Icing by Sam Reinhart.
12:20 of 2nd period - Jordan Staal wins face-off versus Sam Reinhart in ANAHEIM zone.
12:21 of 2nd period - Shot by Jussi Jokinen.
12:21 of 2nd period - Shot Misses the Net.
13:14 of 2nd period - Icing by Alexei Emelin.
13:15 of 2nd period - Jordan Staal wins face-off versus Evgeny Kuznetsov in SAN JOSE zone.
14:35 of 2nd period - Thomas Vanek is hit by Chris Kreider and loses puck.
14:40 of 2nd period - Anton Stralman is hit by Mike Fisher and loses puck.
14:47 of 2nd period - Shot by Chris Kreider.
14:47 of 2nd period - Shot Misses the Net.
14:49 of 2nd period - Shot by Keith Yandle.
14:49 of 2nd period - Stopped by Peter Budaj without a rebound.
14:50 of 2nd period - Sam Reinhart wins face-off versus Martin Hanzal in ANAHEIM zone.
14:50 of 2nd period - Sam Reinhart is hit by Martin Hanzal.
14:59 of 2nd period - Icing by Kevin Hayes.
15:00 of 2nd period - Martin Hanzal wins face-off versus Andrew Shaw in SAN JOSE zone.
15:11 of 2nd period - Shot by Martin Hanzal.
15:11 of 2nd period - Stopped by Peter Budaj without a rebound.
15:12 of 2nd period - Brandon Dubinsky wins face-off versus Connor McDavid in ANAHEIM zone.
15:29 of 2nd period - Shot by Devante Smith-Pelly.
15:29 of 2nd period - Shot Misses the Net.
15:31 of 2nd period - Shot by Keith Yandle.
15:31 of 2nd period - Shot Blocked by Conor Sheary.
15:42 of 2nd period - Minor Penalty to Devante Smith-Pelly for Tripping.
15:43 of 2nd period - Evgeny Kuznetsov wins face-off versus Mike Fisher in SAN JOSE zone.
15:50 of 2nd period - Shot by Gustav Nyquist.
15:50 of 2nd period - Goal by Gustav Nyquist - SAN JOSE : 2 - ANAHEIM : 3.
15:51 of 2nd period - Mike Fisher wins face-off versus Evgeny Kuznetsov in neutral zone.
15:54 of 2nd period - Shot by Corey Perry.
15:54 of 2nd period - Shot Misses the Net.
16:02 of 2nd period - Shot by Mike Green.
16:02 of 2nd period - Stopped by Jake Allen without a rebound.
16:03 of 2nd period - Sam Reinhart wins face-off versus Martin Hanzal in SAN JOSE zone.
16:18 of 2nd period - Shot by Sam Reinhart.
16:18 of 2nd period - Deflect By Alexandre Burrows.
16:18 of 2nd period - Shot Misses the Net.
16:30 of 2nd period - Shot by Alexandre Burrows.
16:30 of 2nd period - Deflect By Sam Reinhart.
16:30 of 2nd period - Shot Misses the Net.
16:32 of 2nd period - Shot by Anton Stralman.
16:32 of 2nd period - Shot Misses the Net.
16:34 of 2nd period - Shot by Karl Alzner.
16:34 of 2nd period - Stopped by Jake Allen without a rebound.
16:35 of 2nd period - Chris Kreider wins face-off versus Connor McDavid in SAN JOSE zone.
16:40 of 2nd period - Connor McDavid is hit by Chris Kreider and loses puck.
16:49 of 2nd period - Shot by Chris Kreider.
16:49 of 2nd period - Shot Misses the Net.
17:07 of 2nd period - Shot by Mike Fisher.
17:07 of 2nd period - Stopped by Peter Budaj without a rebound.
17:08 of 2nd period - Martin Hanzal wins face-off versus Evgeny Kuznetsov in ANAHEIM zone.
17:09 of 2nd period - Shot by Kevin Hayes.
17:09 of 2nd period - Deflect By Martin Hanzal.
17:09 of 2nd period - Shot Misses the Net.
17:14 of 2nd period - Icing by Anton Stralman.
17:15 of 2nd period - Evgeny Kuznetsov wins face-off versus Martin Hanzal in ANAHEIM zone.
17:21 of 2nd period - Minor Penalty to David Savard for Interference.
17:22 of 2nd period - Connor McDavid wins face-off versus Mike Fisher in SAN JOSE zone.
17:23 of 2nd period - Shot by Conor Sheary.
17:23 of 2nd period - Shot Blocked by Corey Perry.
17:59 of 2nd period - Shot by Connor McDavid.
17:59 of 2nd period - Shot Misses the Net.
18:54 of 2nd period - Shot by Gustav Nyquist.
18:54 of 2nd period - Shot Misses the Net.
18:56 of 2nd period - Shot by Mike Green.
18:56 of 2nd period - Shot Misses the Net.
19:20 of 2nd period - Shot by Anton Stralman.
19:20 of 2nd period - Stopped by Jake Allen without a rebound.
19:21 of 2nd period - Brandon Dubinsky wins face-off versus Sam Reinhart in SAN JOSE zone.
19:34 of 2nd period - Shot by Keith Yandle.
19:34 of 2nd period - Shot Misses the Net.
19:36 of 2nd period - Shot by Brandon Dubinsky.
19:36 of 2nd period - Shot Misses the Net.
19:38 of 2nd period - Shot by Brandon Dubinsky.
19:38 of 2nd period - Stopped by Peter Budaj without a rebound.
19:39 of 2nd period - Jordan Staal wins face-off versus Andrew Shaw in ANAHEIM zone.
19:39 of 2nd period - Jordan Staal is hit by Erik Gudbranson.
19:49 of 2nd period - Alexei Emelin is hit by Andrew Shaw and loses puck.
Goals for this period are 1 for SAN JOSE vs 1 for ANAHEIM.
Shots for this period are 7 for SAN JOSE vs 11 for ANAHEIM.

3rd period


0:01 of 3rd period - Mike Fisher wins face-off versus Conor Sheary in neutral zone.
0:48 of 3rd period - Minor Penalty to Martin Hanzal for Hooking.
0:49 of 3rd period - Jesper Fast wins face-off versus Evgeny Kuznetsov in SAN JOSE zone.
2:28 of 3rd period - Shot by Mike Green.
2:28 of 3rd period - Stopped by Jake Allen without a rebound.
2:29 of 3rd period - Connor McDavid wins face-off versus Jesper Fast in SAN JOSE zone.
2:33 of 3rd period - Connor McDavid is hit by Alexei Emelin and loses puck.
2:36 of 3rd period - Shot by Ben Lovejoy.
2:36 of 3rd period - Shot Blocked by Alexei Emelin.
2:38 of 3rd period - Shot by Mike Green.
2:38 of 3rd period - Shot Misses the Net.
2:40 of 3rd period - Shot by Mike Green.
2:40 of 3rd period - Stopped by Jake Allen without a rebound.
2:41 of 3rd period - Evgeny Kuznetsov wins face-off versus Mike Fisher in SAN JOSE zone.
2:52 of 3rd period - Shot by Sam Reinhart.
2:52 of 3rd period - Stopped by Jake Allen without a rebound.
2:53 of 3rd period - Martin Hanzal wins face-off versus Sam Reinhart in SAN JOSE zone.
2:55 of 3rd period - Icing by Darren Helm.
2:56 of 3rd period - Evgeny Kuznetsov wins face-off versus Martin Hanzal in SAN JOSE zone.
2:59 of 3rd period - Shot by Evgeny Kuznetsov.
2:59 of 3rd period - Shot Blocked by Kyle Quincey.
3:12 of 3rd period - Icing by Kris Russell.
3:13 of 3rd period - Evgeny Kuznetsov wins face-off versus Corey Perry in ANAHEIM zone.
3:24 of 3rd period - Shot by Michael Frolik.
3:24 of 3rd period - Stopped by Jake Allen without a rebound.
3:25 of 3rd period - Darren Helm wins face-off versus Connor McDavid in SAN JOSE zone.
3:53 of 3rd period - Shot by Martin Hanzal.
3:53 of 3rd period - Goal by Martin Hanzal - SAN JOSE : 3 - ANAHEIM : 3.
3:54 of 3rd period - Evgeny Kuznetsov wins face-off versus Mike Fisher in neutral zone.
3:59 of 3rd period - Icing by Mike Fisher.
4:00 of 3rd period - Mike Fisher wins face-off versus Evgeny Kuznetsov in SAN JOSE zone.
6:02 of 3rd period - Minor Penalty to Kyle Quincey for High sticking.
6:03 of 3rd period - Mike Fisher wins face-off versus Evgeny Kuznetsov in SAN JOSE zone.
6:30 of 3rd period - Shot by Gustav Nyquist.
6:30 of 3rd period - Stopped by Jake Allen without a rebound.
6:31 of 3rd period - Mike Fisher wins face-off versus Conor Sheary in SAN JOSE zone.
6:46 of 3rd period - Shot by Michael Frolik.
6:46 of 3rd period - Stopped by Jake Allen without a rebound.
6:47 of 3rd period - Evgeny Kuznetsov wins face-off versus Martin Hanzal in SAN JOSE zone.
6:47 of 3rd period - Minor Penalty to Alexei Emelin for Hooking.
6:48 of 3rd period - Mike Fisher wins face-off versus Evgeny Kuznetsov in SAN JOSE zone.
6:48 of 3rd period - Mike Fisher is hit by Thomas Vanek.
7:14 of 3rd period - Shot by Gustav Nyquist.
7:14 of 3rd period - Shot Blocked by Keith Yandle.
7:16 of 3rd period - Shot by Ben Lovejoy.
7:16 of 3rd period - Stopped by Jake Allen without a rebound.
7:17 of 3rd period - Michael Frolik wins face-off versus Mike Fisher in SAN JOSE zone.
7:46 of 3rd period - Shot by Michael Frolik.
7:46 of 3rd period - Shot Misses the Net.
7:48 of 3rd period - Shot by Connor McDavid.
7:48 of 3rd period - Stopped by Jake Allen without a rebound.
7:49 of 3rd period - Evgeny Kuznetsov wins face-off versus Mike Fisher in SAN JOSE zone.
7:52 of 3rd period - Shot by Ben Lovejoy.
7:52 of 3rd period - Shot Blocked by Cody Ceci.
7:54 of 3rd period - Shot by Mike Green.
7:54 of 3rd period - Shot Misses the Net.
7:56 of 3rd period - Shot by Mike Green.
7:56 of 3rd period - Stopped by Jake Allen without a rebound.
7:57 of 3rd period - Mike Fisher wins face-off versus Evgeny Kuznetsov in SAN JOSE zone.
8:08 of 3rd period - Kyle Quincey is hit by Gustav Nyquist.
8:27 of 3rd period - Evgeny Kuznetsov is hit by Kyle Quincey.
8:29 of 3rd period - Shot by Karl Alzner.
8:29 of 3rd period - Shot Blocked by Kyle Quincey.
8:51 of 3rd period - Kyle Quincey is hit by Alexandre Burrows and loses puck.
9:08 of 3rd period - Shot by Sam Reinhart.
9:08 of 3rd period - Stopped by Jake Allen without a rebound.
9:09 of 3rd period - Martin Hanzal wins face-off versus Evgeny Kuznetsov in SAN JOSE zone.
9:09 of 3rd period - Martin Hanzal is hit by David Perron.
9:28 of 3rd period - Minor Penalty to David Perron for Kneeing.
9:29 of 3rd period - Connor McDavid wins face-off versus Mike Fisher in ANAHEIM zone.
10:05 of 3rd period - Chris Kreider is hit by Anton Stralman.
10:45 of 3rd period - Shot by Kevin Hayes.
10:45 of 3rd period - Shot Blocked by Ben Lovejoy.
11:16 of 3rd period - Off-side.
11:17 of 3rd period - Mike Fisher wins face-off versus Connor McDavid in neutral zone.
11:35 of 3rd period - Icing by Cody Franson.
11:36 of 3rd period - Jordan Staal wins face-off versus Sam Reinhart in SAN JOSE zone.
11:53 of 3rd period - Shot by Jesper Fast.
11:53 of 3rd period - Shot Misses the Net.
11:57 of 3rd period - Shot by Jordan Staal.
11:57 of 3rd period - Stopped by Peter Budaj without a rebound.
11:58 of 3rd period - Martin Hanzal wins face-off versus Evgeny Kuznetsov in ANAHEIM zone.
11:59 of 3rd period - Shot by Kevin Hayes.
11:59 of 3rd period - Stopped by Peter Budaj without a rebound.
12:00 of 3rd period - Kevin Hayes wins face-off versus Evgeny Kuznetsov in ANAHEIM zone.
12:08 of 3rd period - Minor Penalty to Martin Hanzal for Unsportsmanlike conduct.
12:09 of 3rd period - Mike Fisher wins face-off versus Connor McDavid in SAN JOSE zone.
12:09 of 3rd period - Mike Fisher is hit by Connor McDavid.
12:46 of 3rd period - Shot by Karl Alzner.
12:46 of 3rd period - Shot Misses the Net.
14:06 of 3rd period - Mike Fisher is hit by Michael Frolik and loses puck.
14:23 of 3rd period - Shot by Darren Helm.
14:23 of 3rd period - Stopped by Peter Budaj without a rebound.
14:24 of 3rd period - Sam Reinhart wins face-off versus Lauri Korpikoski in ANAHEIM zone.
14:35 of 3rd period - Shot by Alexandre Burrows.
14:35 of 3rd period - Shot Misses the Net.
14:43 of 3rd period - Shot by Brandon Dubinsky.
14:43 of 3rd period - Shot Misses the Net.
15:21 of 3rd period - Shot by Darren Helm.
15:21 of 3rd period - Shot Blocked by Kris Russell.
15:58 of 3rd period - Icing by Kris Russell.
15:59 of 3rd period - Mike Fisher wins face-off versus Sam Reinhart in ANAHEIM zone.
16:08 of 3rd period - Shot by Chris Kreider.
16:08 of 3rd period - Stopped by Peter Budaj without a rebound.
16:09 of 3rd period - Michael Frolik wins face-off versus Jordan Staal in ANAHEIM zone.
16:09 of 3rd period - Michael Frolik is hit by Jesper Fast.
16:17 of 3rd period - Shot by Michael Frolik.
16:17 of 3rd period - Shot Misses the Net.
16:22 of 3rd period - Michael Frolik is hit by David Savard and loses puck.
16:51 of 3rd period - Shot by Jordan Staal.
16:51 of 3rd period - Shot Misses the Net.
17:04 of 3rd period - Karl Alzner is hit by Jordan Staal.
17:29 of 3rd period - Minor Penalty to David Savard for Holding.
17:30 of 3rd period - Connor McDavid wins face-off versus Mike Fisher in SAN JOSE zone.
17:30 of 3rd period - Conor Sheary is hit by Alexei Emelin and loses puck.
17:40 of 3rd period - Connor McDavid is hit by Alexei Emelin and loses puck.
17:49 of 3rd period - Shot by Conor Sheary.
17:49 of 3rd period - Goal by Conor Sheary - SAN JOSE : 3 - ANAHEIM : 4.
17:50 of 3rd period - Martin Hanzal wins face-off versus Benoit Pouliot in neutral zone.
17:58 of 3rd period - Icing by Gustav Nyquist.
17:59 of 3rd period - Andrew Shaw wins face-off versus Mike Fisher in ANAHEIM zone.
18:51 of 3rd period - Icing by Alexei Emelin.
18:52 of 3rd period - Mike Fisher wins face-off versus Connor McDavid in SAN JOSE zone.
19:05 of 3rd period - SAN JOSE, Jake Allen is pulled from the net.
19:17 of 3rd period - David Savard is hit by Thomas Vanek and loses puck.
19:26 of 3rd period - Karl Alzner is hit by Jesper Fast and loses puck.
19:35 of 3rd period - Shot by Connor McDavid.
19:35 of 3rd period - Shot Misses the Net.
Goals for this period are 1 for SAN JOSE vs 1 for ANAHEIM.
Shots for this period are 5 for SAN JOSE vs 11 for ANAHEIM.